cohdb
Replays
Latest Replays
All Replays
Popular Replays
Top Player Replays
Match Explorer
How It Works
Community
CoH3 Stats
Reddit
Sign in to upload your games and track your stats! →
Sign in with Steam
Match 44119288
Unlisted
Match 44119288
Overview
Messages
Build Orders
End
Engineer Squad
Construct Barracks
1⁄4-ton 4x4 Truck
Selects Special Operations Battlegroup
Selects M29 Weasel Recon Vehicle
M29 Weasel Recon Vehicle
M1 Mortar Team
Construct Weapon Support Center
M1919 Machine Gun Team
Bazooka Squad
Selects Raiding Flares
M29 Weasel Recon Vehicle
Mechanized Support Center
Raiding Flares
Selects SSF Commando Squad
SSF Commando Squad
concrusher
derbimo
aswe1216
KimCarsons
爬树的肥猪
游戏玩家
vincent
元首再相信我一次
0
0
Comments
sign in to comment!
No comments posted yet!